 Dungeon Crawl Stone Soup version 0.32-a0-898-g7811c86cf0 (webtiles) character file.

Game seed: 706943784245109193

814 Ijustatesigmund the Conjurer (level 7, 0/51 HPs)
             Began as a Gnoll Conjurer on Apr 4, 2024.
             Was an Initiate of Vehumet.
             Slain by Blork the orc
             ... wielding a +4 glaive
              (13 damage)
             ... on level 5 of the Dungeon.
             The game lasted 00:08:57 (5676 turns).

Ijustatesigmund the Conjurer (Gnoll Conjurer)       Turns: 5676, Time: 00:08:58

Health: 0/51       AC:  2    Str:  7    XL:     7   Next: 93%
Magic:  5/15       EV: 12    Int: 19    God:    Vehumet [......]
Gold:   206        SH:  0    Dex: 10    Spells: 5/17 levels left

rFire   . . .        d - +3 dagger (vamp)
rCold   . . .        (no shield)
rNeg    . . .        a - +0 robe
rPois   .            (no helmet)
rElec   .            (no cloak)
rCorr   .            (no gloves)
SInv    .            (no boots)
Will    .....        n - amulet of regeneration
Stlth   +++          (no ring)
HPRegen 1.08/turn    (no ring)
MPRegen 0.14/turn

%: no passive effects
@: no status effects
A: fangs 1, strong nose, distributed training
a: Renounce Religion


You were on level 5 of the Dungeon.
You worshipped Vehumet.
Vehumet was noncommittal.
You visited 2 branches of the dungeon, and saw 6 of its levels.

You collected 206 gold pieces.

Inventory:

Hand Weapons
 d - a +3 vampiric dagger (weapon)
Missiles
 o - 3 javelins
Armour
 a - a +0 robe (worn)
Jewellery
 n - an amulet of regeneration (around neck)
 v - a ring of flight
Wands
 k - a wand of polymorph (31)
Scrolls
 c - 4 scrolls of identify {unknown}
 e - 5 scrolls of teleportation
 g - a scroll of fear {unknown}
 h - 2 scrolls of blinking {unknown}
 j - a scroll of torment {unknown}
 l - 4 scrolls of immolation {unknown}
 q - a scroll of silence {unknown}
 t - 2 scrolls of poison {unknown}
 u - a scroll of noise {unknown}
Potions
 b - 3 potions of magic
 f - a potion of attraction {unknown}
 i - 3 potions of curing {unknown}
 m - 2 potions of lignification {unknown}
 p - a potion of haste {unknown}
 r - a potion of brilliance {unknown}
 s - a potion of degeneration {unknown}
 w - a potion of heal wounds {unknown}
 x - a potion of might {unknown}


   Skills:
 + Level 2.9 Fighting
 + Level 2.9 Short Blades
 + Level 2.9 Long Blades
 + Level 2.9 Axes
 + Level 2.9 Maces & Flails
 + Level 2.9 Polearms
 + Level 2.9 Staves
 + Level 2.9 Ranged Weapons
 + Level 2.9 Throwing
 + Level 2.9 Armour
 + Level 5.4 Dodging
 + Level 5.1 Stealth
 + Level 2.9 Shields
 + Level 2.9 Unarmed Combat
 + Level 5.8 Spellcasting
 + Level 7.5 Conjurations
 + Level 2.3 Hexes
 + Level 2.3 Summonings
 + Level 2.3 Necromancy
 + Level 2.3 Translocations
 + Level 2.3 Fire Magic
 + Level 2.3 Ice Magic
 + Level 2.3 Air Magic
 + Level 2.3 Earth Magic
 + Level 2.3 Alchemy
 + Level 3.2 Invocations
 + Level 2.9 Evocations
 + Level 2.6 Shapeshifting


You had 5 spell levels left.
You knew the following spells:

 Your Spells              Type           Power      Damage    Failure   Level
a - Magic Dart            Conj           100%       1d8       1%          1
b - Searing Ray           Conj           68%        2d6       1%          2
c - Iskenderun's Mystic Conj/Tloc 24%            2d7        (+2d3     14%         4
d - Irradiate             Conj/Alch      12%        3d15      38%         5

Your spell library contained the following spells:

 Spells                   Type           Power      Damage    Failure   Level
 Slow                     Hex            56%        N/A       4%          1
 Confusing Touch          Hex            14%        N/A       13%         3
 Inner Flame              Hex/Fire       14%        N/A       13%         3
 Vampiric Draining        Necr           14%        2d7       13%         3
 Fulminant Prism          Conj/Alch      12%        3d8       14%         4
 Ignition                 Fire           7%         3d4       100%        8


Dungeon Overview and Level Annotations

Branches:
Dungeon (5/15)             Temple (1/1) D:5

Altars:
Ashenzari
Cheibriados
Dithmenos
Fedhas
Gozag
Hepliaklqana
Kikubaaqudgha
Makhleb
Nemelex Xobeh
Okawaru
Ru
Sif Muna
Trog
Uskayaw
Vehumet
Wu Jian
Xom
Yredelemnul
Zin

Annotations:
D:5 Blork the orc
Temple 2 transporters


Innate Abilities, Weirdness & Mutations

You have very sharp teeth.
Your uncanny sense of smell can sniff out nearby items.
Your experience applies equally to all skills.


Message History

The iguana is moderately wounded.
Blork the orc closely misses you.
The searing ray hits Blork the orc.
Blork the orc is heavily wounded.
Blork the orc hits you from afar with a +4 glaive.
The searing ray hits the iguana.
The iguana is heavily wounded.
The searing ray hits Blork the orc.
Blork the orc is heavily wounded.
You finish channelling your searing ray.
The iguana bites you.
Blork the orc gestures wildly while chanting.
Blork the orc seems to speed up.
Casting: Searing Ray (safe; 1% risk of failure)
Confirm with . or Enter, or press ? or * to list all spells.
Aiming: Searing Ray (safe; 1% risk of failure)
Press: ? - help, Shift-Dir - straight line, f/p - Blork the orc
Aim: Blork the orc, wielding a +4 glaive and wearing a +1 robe of willpower (heavily wounded, fast, 83% to hit)
The searing ray hits the iguana.
The iguana is severely wounded.
The searing ray hits Blork the orc.
Blork the orc is severely wounded. (Press . to maintain the ray.) Blork the orc hits you from afar with a +4 glaive!
The iguana closely misses you. Blork the orc closely misses you.
The searing ray hits the iguana.
The iguana is almost dead.
The searing ray misses Blork the orc.
Blork the orc completely misses you. The iguana barely misses you.
The searing ray hits the iguana.
You kill the iguana!
Vehumet accepts your kill.
The searing ray hits Blork the orc!
Blork the orc is almost dead.
Blork the orc hits you from afar with a +4 glaive!!
* * * LOW HITPOINT WARNING * * *
Blork the orc cheers loudly.
Blork the orc hits you from afar with a +4 glaive!
You die...
Blork the orc shouts, "I believe in me!"

### #.# ##.## #+ #...##
... #....# # ....
##....# # .....
##.###.### #
......####........######
.....o'@.............)).
......####...##.#.######
..... ##.###.#.# # ....
#.....#.# ... #..####.#
#+ #..####.# #.......#
##.###### #.#


You could see Blork the orc (fast).

Vanquished Creatures
  An ogre (D:4)
  A phantom (D:4)
  A weeping skull (D:5)
  2 scorpions (D:5)
  A bombardier beetle (D:4)
  A hound (D:5)
  6 iguanas
  Jessica (D:2)
  7 adders
  8 gnolls
  A dart slug (D:4)
  5 ribbon worms
  3 orcs
  9 endoplasms
  4 giant cockroaches
  7 goblins
  9 hobgoblins
  4 jackals (D:2)
  5 quokkas
  7 ball pythons
  7 bats
  2 frilled lizards
  10 kobolds
  3 rats
  A spectral orc (D:5)
106 creatures vanquished.

Notes
Turn   | Place    | Note
-------+----------+-------------------------------------------
     0 | D:1      | Ijustatesigmund the Gnoll Conjurer began the quest for the
                  | Orb.
     0 | D:1      | Reached XP level 1. HP: 13/13 MP: 6/6
   170 | D:1      | Reached XP level 2. HP: 19/19 MP: 2/7
   173 | D:1      | Learned a level 2 spell: Searing Ray
   646 | D:1      | Reached skill level 5 in Spellcasting
   646 | D:1      | Reached XP level 3. HP: 25/25 MP: 6/9
  1017 | D:2      | Reached skill level 1 in Invocations
  1157 | D:2      | Reached skill level 1 in Fighting
  1157 | D:2      | Reached skill level 1 in Short Blades
  1157 | D:2      | Reached skill level 1 in Long Blades
  1157 | D:2      | Reached skill level 1 in Axes
  1157 | D:2      | Reached skill level 1 in Maces & Flails
  1157 | D:2      | Reached skill level 1 in Polearms
  1157 | D:2      | Reached skill level 1 in Staves
  1157 | D:2      | Reached skill level 1 in Ranged Weapons
  1157 | D:2      | Reached skill level 1 in Throwing
  1157 | D:2      | Reached skill level 1 in Armour
  1157 | D:2      | Reached skill level 1 in Shields
  1157 | D:2      | Reached skill level 1 in Unarmed Combat
  1157 | D:2      | Reached skill level 1 in Evocations
  1329 | D:2      | Noticed Jessica
  1332 | D:2      | Killed Jessica
  1333 | D:2      | Reached skill level 1 in Shapeshifting
  1333 | D:2      | Reached XP level 4. HP: 19/32 MP: 7/11
  1412 | D:2      | Reached skill level 1 in Hexes
  1412 | D:2      | Reached skill level 1 in Summonings
  1412 | D:2      | Reached skill level 1 in Necromancy
  1412 | D:2      | Reached skill level 1 in Translocations
  1412 | D:2      | Reached skill level 1 in Fire Magic
  1412 | D:2      | Reached skill level 1 in Ice Magic
  1412 | D:2      | Reached skill level 1 in Air Magic
  1412 | D:2      | Reached skill level 1 in Earth Magic
  1412 | D:2      | Reached skill level 1 in Alchemy
  1417 | D:2      | Learned a level 4 spell: Iskenderun's Mystic Blast
  2133 | D:3      | Reached XP level 5. HP: 37/37 MP: 4/12
  2472 | D:3      | Found a faded altar of an unknown god.
  2588 | D:3      | Learned a level 5 spell: Irradiate
  3062 | D:3      | Found a bloodstained altar of Trog.
  3219 | D:4      | Noticed a phantom
  3227 | D:4      | Killed a phantom
  3228 | D:4      | Reached XP level 6. HP: 42/44 MP: 1/14
  3441 | D:4      | Reached skill level 5 in Dodging
  3852 | D:4      | Reached XP level 7. HP: 16/50 MP: 6/15
  4147 | D:5      | Entered Level 5 of the Dungeon
  4364 | D:5      | Found a staircase to the Ecumenical Temple.
  4396 | Temple   | Found a transporter.
  4396 | Temple   | Found a transporter.
  4396 | Temple   | Found a transporter.
  4396 | Temple   | Found a transporter.
  4396 | Temple   | Entered the Ecumenical Temple
  4413 | Temple   | Became a worshipper of Vehumet
  4860 | D:5      | Identified the +0 leather armour of the Pits of Slime
                  | {Int+3 Slay+3}
  4928 | D:5      | Reached skill level 5 in Stealth
  5232 | D:5      | Found a basalt altar of Yredelemnul.
  5667 | D:5      | Noticed Blork the orc
  5676 | D:5      | Slain by Blork the orc

Illustrated notes

Levels and vault maps discovered:
D:1:      heliophobic_arrival_battle_scene, layout_loops_ring,
          minmay_misc_feat_rows
D:2:      layout_loops_ring, hex_tiny, uniq_jessica
D:3:      layout_basic, mainiacjoe_overflow_brackets,
          hellmonk_ecumenical_altar_arch_garden
D:4:      layout_basic
D:5:      layout_loops_corners, yredelemnul_forgotten_temple_becter,
          minmay_temple_entry_statues_fountains, uniq_blork_the_orc
Temple:   hellmonk_temple_divided_pantheon

Skill      XL: |  1  2  3  4  5  6  7 |
---------------+----------------------+-----
Spellcasting   | 5 |  5.8
Invocations    | 1 2 3 |  3.2
Fighting       | 1 2 |  2.9
Short Blades   | 1 2 |  2.9
Long Blades    | 1 2 |  2.9
Axes           | 1 2 |  2.9
Maces & Flails | 1 2 |  2.9
Polearms       | 1 2 |  2.9
Staves         | 1 2 |  2.9
Ranged Weapons | 1 2 |  2.9
Throwing       | 1 2 |  2.9
Armour         | 1 2 |  2.9
Shields        | 1 2 |  2.9
Unarmed Combat | 1 2 |  2.9
Evocations     | 1 2 |  2.9
Shapeshifting  | 1 2 |  2.6
Hexes          | 1 2 |  2.3
Summonings     | 1 2 |  2.3
Necromancy     | 1 2 |  2.3
Translocations | 1 2 |  2.3
Fire Magic     | 1 2 |  2.3
Ice Magic      | 1 2 |  2.3
Air Magic      | 1 2 |  2.3
Earth Magic    | 1 2 |  2.3
Alchemy        | 1 2 |  2.3
Dodging        | 5 |  5.4
Stealth        | 5 |  5.1
Conjurations   | |  7.5

Action                     |  1- 3 |  4- 6 |  7- 9 || total
---------------------------+-------+-------+-------++-------
  Melee: Short sword       |    16 |    11 |       ||    27
         Bite              |     2 |     3 |     1 ||     6
         Dagger            |       |     6 |    24 ||    30
         Unarmed           |       |       |     7 ||     7
   Cast: Magic Dart        |    51 |    88 |    15 ||   154
         Searing Ray       |     2 |    17 |    14 ||    33
         Iskenderun's Myst |       |     1 |     2 ||     3
    Use: Scroll            |       |       |     1 ||     1
   Stab: Sleeping          |       |     2 |     1 ||     3
         Confused          |       |       |     2 ||     2
 Armour: Robe              |    13 |    13 |    23 ||    49
  Dodge: Dodged            |    22 |    23 |    24 ||    69

Table legend: (Time is in decaauts)
 A = Elapsed time spent in this place.
 B = Non-inter-level travel time spent in this place.
 C = Inter-level travel time spent in this place.
 D = Time resting spent in this place.
 E = Time spent auto-exploring this place.
 F = Levels seen in this place.
 G = Mean time per level.
                   A        B        C        D        E       F      G
               +--------+--------+--------+--------+--------+-----+--------+
         Total |   5668 |   5561 |    107 |    888 |   4044 |   6 |  944.7 |
       Dungeon |   5632 |   5525 |    107 |    888 |   4044 |   5 | 1126.4 |
        Temple |     36 |     36 |      0 |      0 |      0 |   1 |   36.0 |
               +--------+--------+--------+--------+--------+-----+--------+

Top non-repeatable levels by time:
     D:5: 1488 daAuts
     D:3: 1189 daAuts
     D:2: 1094 daAuts
     D:1: 930 daAuts
     D:4: 929 daAuts
  Temple: 36 daAuts
